AoeStats
← 天下為公

Arena

509605685Analyzed
4v4 RM · 6d ago on Sep 27, 2026· 47m 14s· 8 players
Game mode
Random Map
Map size
Large (8 player)
Population
200
Speed
Normal
Resources
Standard
Victory
Conquest
Starting age
Dark Age
Ending age
Imperial Age
RankedLock teamsTeams togetherTeam positionsShared explorationLock speedFull tech treeHidden civsTurbo modeCheats
Victory
Defeat
🇮🇳 Italians · India
909
+11
🇨🇳 Khmer · China
845
+13
🇨🇳 Magyars · China
831
+14
🇨🇳 Persians · China
682
+19
🇦🇷 Sicilians · Argentina
821
-16
🇬🇧 Teutons · United Kingdom
768
-14
🇦🇺 Japanese · Australia
764
-14
🇨🇭 Britons · Switzerland
757
-25
玛尔斯
9:09 Loom
11:53 Feudal Age
17:31 Castle Age
15:32 Double-Bit Axe
17:11 Stone Mining
17:07 Horse Collar
23:44 Stone Shaft Mining
23:20 Gold Mining
24:52 Bow Saw
24:54 Fletching
26:07 Bodkin Arrow
27:18 Heavy Plow
27:55 Wheelbarrow
31:42 Imperial Age
30:20 Padded Archer Armor
30:28 Thumb Ring
31:38 Hand Cart
31:59 Silk Road
33:25 Chemistry
33:23 Ballistics
34:52 Conscription
35:26 Bracer
35:45 Leather Archer Armor
35:50 Fortified Wall
36:36 Caravan
38:21 Elite Genoese Crossbowman
41:44 Bloodlines
40:58 Light Cavalry
41:40 Husbandry
42:46 Hussar
43:40 Forging
天下為公
11:55 Feudal Age
16:06 Castle Age
14:21 Horse Collar
14:43 Double-Bit Axe
16:40 Loom
24:14 Bow Saw
24:09 Heavy Plow
33:11 Imperial Age
31:20 Wheelbarrow
30:33 Town Watch
31:19 Bloodlines
31:10 Husbandry
31:07 Gold Mining
31:09 Stone Mining
31:34 Caravan
32:04 Forging
31:59 Scale Barding Armor
32:50 Stone Shaft Mining
32:53 Gold Shaft Mining
32:36 Hand Cart
33:56 Chain Barding Armor
34:12 Iron Casting
34:41 Conscription
36:26 Two-Man Saw
35:59 Crop Rotation
35:53 Elite War Elephant
37:27 Plate Barding Armor
37:52 Blast Furnace
36:34 Cavalier
38:19 Town Patrol
42:28 Savar
46:08 Citadels
小闪酱
0:42 Loom
12:43 Feudal Age
21:07 Castle Age
21:38 Double-Bit Axe
21:36 Horse Collar
21:48 Gold Mining
21:48 Stone Mining
23:51 Heavy Plow
24:02 Bow Saw
24:29 Gold Shaft Mining
27:07 Corvinian Army
34:00 Imperial Age
33:55 Bloodlines
33:45 Husbandry
35:15 Crop Rotation
35:46 Two-Man Saw
34:13 Elite Magyar Huszar
35:05 Scale Barding Armor
36:19 Conscription
37:34 Chain Barding Armor
38:13 Wheelbarrow
39:06 Plate Barding Armor
38:38 Caravan
南通马德华
7:03 Loom
9:43 Loom
11:34 Feudal Age
13:27 Double-Bit Axe
13:34 Horse Collar
17:31 Castle Age
16:04 Stone Mining
19:19 Husbandry
19:34 Bloodlines
20:12 Town Watch
21:06 Padded Archer Armor
21:20 Bow Saw
24:16 Fletching
24:42 Leather Archer Armor
25:14 Gold Mining
27:43 Heavy Plow
29:06 Town Patrol
34:06 Imperial Age
34:53 Gold Shaft Mining
34:55 Stone Shaft Mining
35:15 Conscription
34:59 Bodkin Arrow
35:35 Capped Ram
37:39 Elite Ballista Elephant
38:47 Cavalier
38:58 Siege Ram
40:31 Onager
43:00 Wheelbarrow
43:12 Double Crossbow
47:15 Bracer
[SR] The Ares
7:06 Loom
11:19 Feudal Age
15:48 Castle Age
13:43 Double-Bit Axe
25:03 Horse Collar
31:29 Imperial Age
29:40 Padded Archer Armor
29:30 Fletching
29:42 Scale Mail Armor
30:37 Pikeman
31:03 Arson
31:19 Squires
31:04 Gambesons
31:35 Forging
32:18 Yeomen
33:59 Leather Archer Armor
33:40 Bodkin Arrow
35:21 Caravan
36:32 Halberdier
38:41 Ring Archer Armor
39:47 Wheelbarrow
38:58 Town Watch
39:24 Elite Longbowman
41:44 Ballistics
41:15 Heated Shot
41:35 Fortified Wall
44:21 Bracer
44:40 Chain Mail Armor
45:00 Iron Casting
Kony2012
12:59 Feudal Age
17:01 Castle Age
15:51 Double-Bit Axe
16:55 Horse Collar
17:10 Stone Mining
19:12 Gold Mining
19:36 Bow Saw
20:20 Heavy Plow
21:09 Loom
23:05 Wheelbarrow
27:25 Arson
27:41 Squires
27:02 Pikeman
29:14 Hand Cart
28:45 Town Watch
35:46 Imperial Age
35:42 Ballistics
35:06 Treadmill Crane
37:58 Chemistry
37:47 Capped Ram
41:28 Halberdier
42:38 Elite Samurai
Atrehus
7:26 Loom
10:24 Feudal Age
10:44 Horse Collar
10:50 Double-Bit Axe
18:02 Castle Age
17:10 Stone Mining
17:12 Gold Mining
19:06 Heavy Plow
19:26 Bow Saw
23:03 Forging
26:23 Wheelbarrow
27:03 Masonry
26:44 Town Watch
28:46 Scale Mail Armor
29:05 Hand Cart
33:12 Imperial Age
33:19 Imperial Age
32:46 Chain Mail Armor
32:41 Forging
32:55 Murder Holes
33:21 Ballistics
33:53 Scale Barding Armor
33:59 Forging
34:31 Plate Mail Armor
33:26 Elite Serjeant
34:29 Conscription
34:16 Squires
34:11 Gambesons
35:14 Gold Shaft Mining
35:17 Stone Shaft Mining
35:20 Crop Rotation
35:41 Husbandry
35:51 Bloodlines
36:32 Chain Barding Armor
36:49 Iron Casting
36:05 Fletching
36:09 Arrowslits
36:12 Arson
36:31 Caravan
36:30 Cavalier
38:05 Plate Barding Armor
38:33 Blast Furnace
37:22 Pikeman
38:05 Bodkin Arrow
39:58 First Crusade
41:12 Hoardings
40:45 Hauberk
40:45 Bracer
40:25 Capped Ram
42:56 Siege Ram
42:57 Onager
47:19 Padded Archer Armor
46:50 Halberdier
Long Dong Silver
8:37 Loom
11:46 Feudal Age
15:49 Castle Age
13:52 Double-Bit Axe
14:00 Horse Collar
15:44 Wheelbarrow
17:08 Bow Saw
17:12 Heavy Plow
23:50 Gold Mining
24:03 Stone Mining
25:55 Stone Shaft Mining
26:46 Caravan
26:53 Caravan
28:20 Hand Cart
33:46 Imperial Age
34:04 Scale Mail Armor
34:15 Forging
34:56 Conscription
33:58 Elite Teutonic Knight
35:43 Ironclad
34:57 Heavy Scorpion
34:58 Onager
37:12 Siege Onager
39:26 Chemistry
38:47 Ballistics
38:33 Siege Engineers
41:01 Chain Mail Armor
41:21 Iron Casting
44:31 Guilds
46:01 Padded Archer Armor
45:51 Fletching
47:02 Blast Furnace
46:33 Plate Mail Armor
Connection lost

Rejoining the realm…

Still unreachable

The connection could not be restored.

Session expired

The server has moved on; the page needs a fresh start.